 Dungeon Sprint DCSS version 0.30-a0-439-g9e77e4d916 (webtiles) character file.

Game seed: 4754500585468920695

13358 mhtbhm the Metallomancer (level 12, -14/67 HPs)
             Began as a Gargoyle Earth Elementalist on Dec 11, 2022.
             Was the Champion of Vehumet.
             Killed from afar by a yellow draconian (18 damage)
             ... with a glob of acid
             ... in the Dungeon (Sprint V: "Ziggurat Sprint").
             The game lasted 00:11:23 (1260 turns).

mhtbhm the Metallomancer (GrEE)                     Turns: 1260, Time: 00:11:24

Health: -14/67     AC: 10    Str: 12    XL:     12   Next: 5%
Magic:  26/31      EV: 14    Int: 33    God:    Vehumet [******]
Gold:   0          SH:  0    Dex: 10    Spells: 9/41 levels left

rFire   + . .      SeeInvis .    A - +8 lance "Wyrmbane" {slay drac, rPois rF+ rC+ AC+3}
rCold   + . .      Faith    .    (no shield)
rNeg    + . .      Spirit   .    a - +0 robe
rPois   ∞          Reflect  .    (no helmet)
rElec   +          Harm     .    (no cloak)
rCorr   .          Rampage  .    y - +0 pair of gloves {infuse}
Will    .....      NoTele   +    (no boots)
Stlth   ++++......               x - amulet of the acrobat
HPRegen 0.31/turn                v - +6 ring of intelligence
MPRegen 0.22/turn                w - +6 ring of intelligence

@: corroded, studying Ranged Weapons
A: sickness immunity, AC +8, negative energy resistance 1, electricity
resistance, torment resistance 1, petrification resistance
a: Renounce Religion


You were in the Dungeon.
You worshipped Vehumet.
Vehumet was exalted by your worship.
You visited 1 branch

Inventory:

Hand Weapons
 A - the +8 lance "Wyrmbane" (weapon) {slay drac, rPois rF+ rC+ AC+3}
   (You found it in the Dungeon)

   It inflicts extra damage against dragons and draconians.
   AC:        It affects your AC (+3).
   rF:        It protects you from fire.
   rC:        It protects you from cold.
   rPois:     It protects you from poison.
Armour
 a - a +0 robe (worn)
 y - a +0 pair of gloves of infusion (worn)
Jewellery
 v - a +6 ring of intelligence (left hand)
 w - a +6 ring of intelligence (right hand)
 x - an amulet of the acrobat (around neck)
Wands
 q - a wand of mindburst (2)
 r - a wand of acid (1)
Scrolls
 g - a scroll of blinking
 m - 4 scrolls of amnesia
 n - 7 scrolls of butterflies
 o - 5 scrolls of identify
 p - a scroll of fear
 B - 4 scrolls of enchant armour
Potions
 b - 8 potions of magic
 c - 10 potions of curing
 d - 6 potions of heal wounds
 e - 10 potions of haste
 f - 3 potions of berserk rage
 h - 2 potions of brilliance
 i - 2 potions of invisibility
 j - 4 potions of resistance
 k - a potion of experience
 l - 5 potions of might
Miscellaneous
 s - a phial of floods
 t - a tin of tremorstones (1/2)
 u - a condenser vane
 z - a lightning rod (4/4)
 C - a box of beasts


   Skills:
 + Level 4.3 Fighting
 + Level 5.3 Polearms
 + Level 7.2 Dodging
 + Level 8.2 Stealth
 + Level 15.1 Spellcasting
 + Level 4.0 Conjurations
 + Level 5.5 Transmutations
 + Level 1.4 Fire Magic
 + Level 21.5 Earth Magic
 + Level 8.2 Evocations


You had 9 spell levels left.
You knew the following spells:

 Your Spells              Type           Power      Damage    Failure   Level
a - Sandblast             Erth           100%       2d20      0%          1
b - Passwall              Tmut/Erth      70%        N/A       0%          2
c - Stone Arrow           Conj/Erth      100%       3d13      1%          3
d - Petrify               Tmut/Erth      85%        N/A       1%          4
e - Lee's Rapid Deconstr  Erth           52%        3d25*     0%          5
f - Leda's Liquefaction   Hex/Erth       38%        N/A       1%          4
g - Ignition              Fire           17%        3d7       100%        8
h - Fireball              Conj/Fire      21%        3d10      4%          5

Your spell library contained the following spells:

 Spells                   Type           Power      Damage    Failure   Level
 Orb of Destruction       Conj           25%        9d9       54%         7
 Beastly Appendage        Tmut           100%       N/A       1%          1
 Sting                    Tmut/Pois      100%       1d8       1%          1
 Summon Small Mammal      Summ           96%        N/A       1%          1
 Poisonous Vapours        Pois/Air       48%        N/A       1%          2
 Wereblood                Tmut           57%        N/A       1%          2
 Frozen Ramparts          Ice            48%        1d8       1%          3
 Spider Form              Tmut/Pois      43%        N/A       1%          3
 Call Canine Familiar     Summ           24%        N/A       4%          3
 Summon Guardian Golem    Hex/Summ       24%        N/A       4%          3
 Olgreb's Toxic Radiance  Pois           24%        N/A       4%          4
 Ice Form                 Ice/Tmut       43%        N/A       5%          4
 Freezing Cloud           Conj/Ice/Air   16%        6-21      7%          5
 Animate Dead             Necr           24%        N/A       17%         4
 Summon Ice Beast         Ice/Summ       24%        N/A       17%         4
 Metabolic Englaciation   Hex/Ice        12%        N/A       43%         5
 Simulacrum               Ice/Necr       12%        N/A       95%         6
 Ozocubu's Refrigeration  Ice            12%        4d10      96%         7
 Haunt                    Necr/Summ      12%        N/A       100%        7
 Summon Hydra             Summ           12%        N/A       100%        7
 Infestation              Necr           12%        N/A       100%        8
 Polar Vortex             Ice            12%        N/A       100%        9
 Statue Form              Tmut/Erth      Unusable   N/A       N/A         6
 Sublimation of Blood     Necr           Unusable   N/A       N/A         2

Dungeon Overview and Level Annotations

Branches:
Dungeon (1/1)

Altars:
Ashenzari
Cheibriados
Dithmenos
Elyvilon
Fedhas
Gozag
Hepliaklqana
Kikubaaqudgha
Makhleb
Nemelex Xobeh
Okawaru
Qazlal
Ru
Sif Muna
Trog
Uskayaw
Vehumet
Wu Jian
Xom
Yredelemnul
Zin
The Shining One
Jiyva
Lugonu

Annotations:
D 1 transporter


Innate Abilities, Weirdness & Mutations

You are immune to sickness and miasma.
Your stone body is resilient. (AC +8)
You are immune to poison.
You resist negative energy. (rN+)
You are resistant to electric shocks. (rElec)
You are resistant to unholy torment.
You are immune to petrification.


Message History

Unknown command.
Unknown command.
Unknown command.
Unknown command.
Unknown command.
Unknown command.
Unknown command.
Unknown command.
Unknown command.
You feel much better.
The green draconian monk hits you but does no damage.
The green draconian monk kicks you!
* * * LOW HITPOINT WARNING * * *
The green draconian monk closely misses you.
The green draconian monk tail-slaps you but does no damage.
The white draconian is engulfed in noxious fumes.
The white draconian appears confused.
The white draconian hits something with a +0 mace!!
The white draconian hits itself but does no damage.
The black draconian is engulfed in noxious fumes.
The red draconian is engulfed in noxious fumes.
The yellow draconian spits acid at you. The glob of acid misses you.
Unknown command.
Unknown command.
Unknown command.
Unknown command.
Unknown command.
You feel much better. The green draconian monk hits you!!
* * * LOW HITPOINT WARNING * * *
The green draconian monk kicks you but does no damage.
The green draconian monk tail-slaps you.
* * * LOW HITPOINT WARNING * * *
The green draconian monk tail-slaps you.
* * * LOW HITPOINT WARNING * * *
The black draconian is engulfed in noxious fumes.
The red draconian hits something but does no damage.
The yellow draconian spits acid at you. The glob of acid hits you!!
You die...

▓.........▓...
▓.........▓...
▓....†....▓...
▓.........▓...
▓.▓.....▓.▓.▓.
▓....©....▓...
▓▓▓▓▓▓▓▓▓▓▓▓▓▓▓▓▓▓▓▓▓▓▓▓
..8©8d°.▓...8©8...▓...8©
▓.§☼§)§d§@▓..||)....▓..)}.
▓.§☼§§§d☼q▓..)[))...▓.).|}
▓.§§☼§§)§§▓.........▓....)
▓..§§§.d..▓....†....▓.....
▓.....)d..▓.........▓....)
▓....)....▓.........▓.....
▓....)....▓....)....▓.....
▓.▓.....▓.▓.▓.....▓.▓....©
▓...°©....▓.)))©....▓▓▓▓▓▓


You could see a green draconian monk (corroded), a black draconian (confused), a
yellow draconian (catching breath), a red draconian (confused) and 2 draconians.

Vanquished Creatures
  An orc warlord (D)
  A purple draconian (D)
  A green draconian (D)
  A white draconian (D)
  A yellow draconian (D)
  A mummy priest (D)
  2 dancing weapons (D)
  A deep elf knight (D)
  2 deep elf archers (D)
  3 orc knights (D)
  An ugly thing (D)
  A deep elf pyromancer (D)
  An eye of devastation (D)
  A wind drake (D)
  2 trolls (D)
  2 tarantellas (D)
  2 slime creatures (D)
  2 jumping spiders (D)
  7 air elementals (D)
  A fire elemental (D)
  2 ogres (D)
  4 phantoms (D)
  A centaur (shapeshifter) (D)
  5 necrophages (D)
  2 earth elementals (D)
  2 wights (D)
  2 jellies (D)
  2 orc priests (D)
  5 mummies (D)
  A gnoll (D)
  An adder zombie (D)
  An adder skeleton (D)
  2 orcs (D)
  An endoplasm (D)
  2 ball python zombies (D)
  A quokka zombie (D)
68 creatures vanquished.

Notes
Turn   | Place    | Note
-------+----------+-------------------------------------------
     0 | D        | mhtbhm the Gargoyle Earth Elementalist began the quest for
                  | the Orb.
     0 | D        | Reached XP level 1. HP: 10/10 MP: 3/3
     0 | D        | Found a shimmering blue altar of Sif Muna.
     0 | D        | Found a bloodstained altar of Trog.
     0 | D        | Found a sacrificial altar of Ru.
     0 | D        | Found a stormy altar of Qazlal.
     0 | D        | Found an iron altar of Okawaru.
     1 | D        | Found a sparkling altar of Nemelex Xobeh.
     1 | D        | Found a blossoming altar of Fedhas.
     1 | D        | Found the +6 Majin-Bo {vamp, MP+6 Int+6}
     1 | D        | Found the +27 heavy crossbow "Sniper" {vorpal, Acc+∞ SInv}
     1 | D        | Found the +10 dark maul {vorpal}
     1 | D        | Found the +15 Maxwell's patent armour {-Cast -Tele rElec
                  | Will+ rCorr}
     1 | D        | Found the +18 shield of the Gong {rElec rN+ Will+ EV-5}
     1 | D        | Found the +14 obsidian axe {vorpal, Mesm Drain Fly SInv}
     1 | D        | Found the +7 great mace "Firestarter" {inner flame, rF++}
     1 | D        | Found the +6 shillelagh "Devastator" {shatter}
     1 | D        | Found the +11 plutonium sword {Contam Stlth-}
     1 | D        | Found the +8 lance "Wyrmbane" {slay drac, rPois rF+ rC+
                  | AC+3}
     1 | D        | Found the +9 sword of Zonguldrok {reap}
     1 | D        | Found the +13 scythe of Curses {drain, Drain}
     1 | D        | Found the +5 sword of Power {vorpal}
     1 | D        | Found the +7 mace of Variability {chain chaos}
     1 | D        | Found the +7 Singing Sword {vorpal, sonic wave}
     1 | D        | Found the +8 storm bow {elec, penet}
     3 | D        | Found a transporter.
     3 | D        | Found an ancient bone altar of Kikubaaqudgha.
     3 | D        | Found a viscous altar of Jiyva.
     3 | D        | Found a corrupted altar of Lugonu.
     3 | D        | Found a hazy altar of Hepliaklqana.
     3 | D        | Found a burning altar of Makhleb.
     3 | D        | Found an opulent altar of Gozag.
    37 | D        | Became a worshipper of Vehumet
    61 | D        | Entered arena 2.
    61 | D        | Noticed a centaur
    61 | D        | Noticed a cyan ugly thing
    61 | D        | Found a transporter.
    65 | D        | Killed a centaur
    66 | D        | Reached skill level 1 in Transmutations
    66 | D        | Reached skill level 7 in Earth Magic
    66 | D        | Reached XP level 2. HP: 15/15 MP: 3/6
    66 | D        | Reached XP level 3. HP: 19/19 MP: 4/8
    66 | D        | Reached XP level 4. HP: 24/24 MP: 4/9
    76 | D        | Killed a cyan ugly thing
    77 | D        | Reached skill level 5 in Stealth
    77 | D        | Reached skill level 13 in Earth Magic
    77 | D        | Reached XP level 5. HP: 26/28 MP: 2/13
    77 | D        | Reached XP level 6. HP: 30/32 MP: 2/15
    77 | D        | Reached XP level 7. HP: 34/36 MP: 2/16
    86 | D        | Learned a level 2 spell: Passwall
    90 | D        | Learned a level 3 spell: Stone Arrow
    95 | D        | Learned a level 4 spell: Petrify
   273 | D        | Learned a level 5 spell: Lee's Rapid Deconstruction
   275 | D        | Entered arena 3.
   275 | D        | Found a transporter.
   276 | D        | Reached * piety under Vehumet
   276 | D        | Offered knowledge of Shock by Vehumet.
   286 | D        | Learned a level 4 spell: Leda's Liquefaction
   301 | D        | Entered arena 4.
   301 | D        | Found a transporter.
   302 | D        | Reached ** piety under Vehumet
   307 | D        | Reached skill level 14 in Earth Magic
   381 | D        | Entered arena 5.
   381 | D        | Noticed a tarantella
   381 | D        | Noticed a jumping spider
   381 | D        | Noticed a tarantella
   381 | D        | Noticed a jumping spider
   381 | D        | Found a transporter.
   383 | D        | Killed a tarantella
   383 | D        | Reached *** piety under Vehumet
   384 | D        | Reached XP level 8. HP: 41/41 MP: 9/19
   385 | D        | Killed a tarantella
   385 | D        | Killed a jumping spider
   386 | D        | Reached skill level 5 in Dodging
   386 | D        | Reached skill level 1 in Conjurations
   386 | D        | Reached skill level 15 in Earth Magic
   393 | D        | Killed a jumping spider
   497 | D        | Entered arena 6.
   497 | D        | Found a transporter.
   499 | D        | Offered knowledge of Static Discharge by Vehumet.
   499 | D        | Reached **** piety under Vehumet
   500 | D        | Reached skill level 16 in Earth Magic
   523 | D        | Reached ***** piety under Vehumet
   524 | D        | Reached XP level 9. HP: 39/46 MP: 5/22
   537 | D        | Entered arena 7.
   539 | D        | Found a transporter.
   540 | D        | Reached skill level 1 in Fighting
   540 | D        | Reached skill level 1 in Polearms
   712 | D        | Learned a level 8 spell: Ignition
   714 | D        | Entered arena 8.
   714 | D        | Noticed an eye of devastation
   718 | D        | Offered knowledge of Poisonous Vapours by Vehumet.
   721 | D        | Reached ****** piety under Vehumet
   722 | D        | Reached skill level 10 in Spellcasting
   723 | D        | Killed an eye of devastation
   724 | D        | Reached skill level 17 in Earth Magic
   724 | D        | Reached skill level 5 in Evocations
   724 | D        | Found a transporter.
   788 | D        | Entered arena 9.
   788 | D        | Noticed a mummy priest
   793 | D        | Killed a mummy priest
   794 | D        | Reached skill level 18 in Earth Magic
   794 | D        | Reached XP level 10. HP: 27/54 MP: 16/25
   842 | D        | Found a transporter.
   897 | D        | Entered arena 10.
   898 | D        | Paralysed by an air elemental for 1 turns
   900 | D        | Found a transporter.
   902 | D        | Paralysed by an air elemental for 1 turns
   903 | D        | Offered knowledge of Inner Flame by Vehumet.
   993 | D        | Entered arena 11.
   993 | D        | Noticed a deep elf archer
   993 | D        | Noticed a +0 battleaxe of holy wrath
   993 | D        | Noticed a deep elf archer
   993 | D        | Noticed a deep elf knight
   993 | D        | Noticed a +4 dire flail of protection
   993 | D        | Noticed a deep elf pyromancer
   995 | D        | Killed a deep elf knight
   995 | D        | Killed a +4 dire flail of protection
   995 | D        | Killed a deep elf archer
   996 | D        | Reached skill level 5 in Polearms
   996 | D        | Reached skill level 19 in Earth Magic
   998 | D        | Reached XP level 11. HP: 30/60 MP: 25/27
   998 | D        | Killed a deep elf pyromancer
   999 | D        | Killed a deep elf archer
  1000 | D        | Found a transporter.
  1005 | D        | Killed a +0 battleaxe of holy wrath
  1006 | D        | Reached skill level 20 in Earth Magic
  1063 | D        | Entered arena 12.
  1063 | D        | Noticed an orc warlord
  1063 | D        | Noticed an orc knight
  1065 | D        | Offered knowledge of Fireball by Vehumet.
  1066 | D        | Noticed an orc knight
  1067 | D        | Noticed an orc knight
  1070 | D        | Killed an orc knight
  1071 | D        | Reached skill level 5 in Transmutations
  1075 | D        | Killed an orc knight
  1076 | D        | Killed an orc warlord
  1077 | D        | Killed an orc knight
  1147 | D        | Found a transporter.
  1240 | D        | Learned a level 5 spell: Fireball
  1241 | D        | Entered arena 13.
  1241 | D        | Noticed a green draconian
  1241 | D        | Noticed a green draconian monk
  1241 | D        | Noticed a black draconian knight
  1241 | D        | Noticed a purple draconian
  1241 | D        | Noticed a white draconian
  1242 | D        | Noticed a yellow draconian
  1242 | D        | Noticed a yellow draconian
  1242 | D        | Noticed a red draconian
  1242 | D        | Noticed a black draconian
  1242 | D        | Noticed a white draconian
  1242 | D        | Noticed a white draconian
  1250 | D        | Killed a white draconian
  1250 | D        | Offered knowledge of Orb of Destruction by Vehumet.
  1251 | D        | Reached skill level 21 in Earth Magic
  1251 | D        | Killed a green draconian
  1252 | D        | Found a transporter.
  1256 | D        | Killed a yellow draconian
  1256 | D        | Killed a purple draconian
  1257 | D        | Reached skill level 15 in Spellcasting
  1257 | D        | Reached skill level 1 in Fire Magic
  1257 | D        | Reached XP level 12. HP: 14/67 MP: 25/31
  1260 | D        | Killed from afar by a yellow draconian

Illustrated notes

Levels and vault maps discovered:
D:        sprint_v [room_start, room_1, room_2, room_3, room_4, room_5, room_6,
          room_7, room_8, room_9, room_10, room_11, room_12, room_13, room_14,
          room_15, room_16, room_17, room_18, room_19, room_20, room_21,
          room_22, room_23, room_24, room_25, room_26, room_27]

Skill      XL: |  1  2  3  4  5  6  7  8  9 10 11 |
---------------+----------------------------------+-----
Dodging        | 2 4 5 6 7 |  7.2
Stealth        | 3 5 6 7 8 |  8.2
Spellcasting   | 3 6 7 9 11 12 15 | 15.1
Transmutations | 1 2 4 5 |  5.5
Earth Magic    | 7 13 14 16 18 19 21 | 21.5
Evocations     | 3 4 5 6 8 |  8.2
Conjurations   | 1 2 4 |  4.0
Fighting       | 2 3 4 |  4.3
Polearms       | 3 5 |  5.3
Fire Magic     | 1 |  1.4

Action                   |  1- 3 |  4- 6 |  7- 9 | 10-12 || total
-------------------------+-------+-------+-------+-------++-------
Melee: Lance             |       |       |    18 |     2 ||    20
 Cast: Sandblast         |       |     3 |    14 |     2 ||    19
       Lee's Rapid Decon |       |       |     8 |     7 ||    15
       Stone Arrow       |       |       |     8 |     6 ||    14
       Petrify           |       |       |     5 |     3 ||     8
       Fireball          |       |       |       |     4 ||     4
Evoke: Wand              |     3 |     6 |       |     2 ||    11
       Lightning rod     |       |       |     3 |     4 ||     7
       Condenser vane    |       |       |     2 |     4 ||     6
       Tin of tremorston |       |       |     2 |     5 ||     7
  Use: Scroll            |     1 |     1 |       |     2 ||     4
       Potion            |       |     1 |       |     7 ||     8
Armor: Robe              |       |       |    13 |    16 ||    29
Dodge: Dodged            |       |     3 |    14 |    14 ||    31

Table legend: (Time is in decaauts)
 A = Elapsed time spent in this place.
 B = Non-inter-level travel time spent in this place.
 C = Inter-level travel time spent in this place.
 D = Time resting spent in this place.
 E = Time spent auto-exploring this place.
 F = Levels seen in this place.
 G = Mean time per level.
                   A        B        C        D        E       F      G
               +--------+--------+--------+--------+--------+-----+--------+
         Total |   1269 |   1269 |      0 |    808 |      0 |   1 | 1269.0 |
       Dungeon |   1269 |   1269 |      0 |    808 |      0 |   1 | 1269.0 |
               +--------+--------+--------+--------+--------+-----+--------+

Top non-repeatable levels by time:
       D: 1269 daAuts
